General information
- name: BNet
- type: Ladder team game (AT/RT)
- host: Battle.net
- saver: Forseti.
map: Deathknell
- players: 8
- length: 75:05
- speed: Fast
- version: 1.26 W3XP
- replay type: Public
» download(374 KB)
Players
team 1 (winner)
naggers_r_us (
red | 41 APM | 2844 actions | 69:38)
8 Death Knight
3 Death Coil
3 Unholy Aura
1 Animate Dead
1 Death Pact
7 Lich
3 Frost Nova
3 Frost Armor
1 Death and Decay
» actions
| Assign group hotkey | 49 | |
| Basic commands | 8 | |
| Build / train | 67 | |
| Enter build submenu | 16 | |
| Enter hero's abilities submenu | 15 | |
| Give item / drop item | 1 | |
| Right click | 1159 | |
| Select / deselect | 315 | |
| Select group hotkey | 1103 | |
| Use ability | 111 | |
2844 total
» units
| Acolyte | 5 | |
| Ghoul | 4 | |
| Crypt Fiend | 6 | |
| Frost Wyrm | 17 | |
32 total
» upgrades
| Creature Attack | 2 | |
| Creature Carapace | 2 | |
| Web | 1 | |
| Ghoul Frenzy | 1 | |
| Freezing Breath | 1 | |
7 total
» buildings
| Altar of Darkness | 1 | |
| Crypt | 1 | |
| Ziggurat | 10 | |
| Graveyard | 1 | |
| Tomb of Relics | 1 | |
| Halls of the Dead | 1 | |
| Black Citadel | 4 | |
| Sacrificial Pit | 1 | |
| Boneyard | 3 | |
23 total
» build order
00:35 Altar of Darkness
00:40 Crypt
00:47 Ziggurat
01:03 Graveyard
01:20 Ziggurat
01:44 Tomb of Relics
02:11 Ziggurat
03:43 Halls of the Dead
04:28 Ziggurat
05:05 Ziggurat
05:30 Ziggurat
05:32 Ziggurat
06:04 Black Citadel
06:05 Black Citadel
06:05 Black Citadel
06:09 Sacrificial Pit
06:28 Ziggurat
06:29 Ziggurat
08:38 Boneyard
08:41 Boneyard
08:42 Boneyard
09:16 Ziggurat
» items
| Rod of Necromancy | 1 | |
| Potion of Healing | 1 | |
| Scroll of Town Portal | 1 | |
3 total
accent (
teal | 6 APM | 453 actions | 75:05)
» actions
| Basic commands | 14 | |
| Build / train | 59 | |
| Enter build submenu | 24 | |
| Remove unit from queue | 20 | |
| Right click | 116 | |
| Select / deselect | 165 | |
| Use ability | 55 | |
453 total
» units
» upgrades
» buildings
| Hunter's Hall | 1 | |
| Moon Well | 1 | |
| Ancient Protector | 18 | |
| Tree of Life | 2 | |
22 total
» build order
06:55 Hunter's Hall
06:59 Moon Well
08:25 Ancient Protector
08:39 Ancient Protector
09:15 Ancient Protector
09:52 Ancient Protector
10:05 Ancient Protector
11:03 Tree of Life
11:06 Ancient Protector
11:17 Ancient Protector
11:39 Ancient Protector
11:48 Ancient Protector
12:41 Ancient Protector
12:47 Ancient Protector
12:53 Ancient Protector
13:07 Ancient Protector
15:04 Tree of Life
15:07 Ancient Protector
15:10 Ancient Protector
15:13 Ancient Protector
15:17 Ancient Protector
15:20 Ancient Protector
YellarBellyJake (
yellow | 63 APM | 4712 actions | 75:02)
9 Blademaster
3 Wind Walk
3 Critical Strike
1 Bladestorm
2 Mirror Image
» actions
| Assign group hotkey | 50 | |
| Basic commands | 124 | |
| Build / train | 117 | |
| Enter build submenu | 85 | |
| Enter hero's abilities submenu | 9 | |
| Give item / drop item | 13 | |
| Remove unit from queue | 8 | |
| Right click | 1837 | |
| Select / deselect | 628 | |
| Select group hotkey | 1442 | |
| Use ability | 399 | |
4712 total
» units
| Peon | 24 | |
| Grunt | 4 | |
| Goblin Shredder | 1 | |
| Wind Rider | 4 | |
| Goblin Sapper | 6 | |
| Goblin Zeppelin | 1 | |
| Troll Batrider | 19 | |
59 total
» upgrades
| Envenomed Spears | 1 | |
| Ranged Weapons | 3 | |
| Armor | 4 | |
| Reinforced Defenses | 1 | |
| Troll Regeneration | 1 | |
| Liquid Fire | 1 | |
11 total
» buildings
| Orc Burrow | 15 | |
| Altar of Storms | 2 | |
| Barracks | 1 | |
| Voodoo Lounge | 2 | |
| Stronghold | 2 | |
| War Mill | 2 | |
| Great Hall | 9 | |
| Beastiary | 12 | |
| Fortress | 2 | |
| Watch Tower | 110 | |
157 total
» build order
00:18 Orc Burrow
00:53 Altar of Storms
00:54 Barracks
01:09 Orc Burrow
01:45 Voodoo Lounge
02:52 Stronghold
03:20 War Mill
03:22 Orc Burrow
05:11 Great Hall
05:33 Beastiary
05:33 Beastiary
05:35 Fortress
05:49 Orc Burrow
06:48 Beastiary
06:50 Beastiary
07:38 Watch Tower
07:38 Watch Tower
09:07 Watch Tower
09:08 Watch Tower
09:08 Watch Tower
10:47 Orc Burrow
12:53 Watch Tower
12:54 Watch Tower
14:22 Orc Burrow
18:25 Great Hall
18:45 Watch Tower
18:45 Watch Tower
18:46 Watch Tower
18:47 Watch Tower
19:01 Watch Tower
19:01 Watch Tower
23:03 Watch Tower
23:04 Watch Tower
23:05 Beastiary
23:06 Beastiary
25:19 Great Hall
29:32 Great Hall
37:07 Great Hall
39:03 Beastiary
39:03 Beastiary
39:06 Beastiary
39:08 Beastiary
39:11 Orc Burrow
39:14 Beastiary
39:16 Beastiary
42:58 Great Hall
43:07 Orc Burrow
43:24 Orc Burrow
47:40 Orc Burrow
47:47 Orc Burrow
47:48 Orc Burrow
47:49 Orc Burrow
47:50 Orc Burrow
47:56 Orc Burrow
49:31 Voodoo Lounge
49:34 Stronghold
50:20 War Mill
50:28 Great Hall
55:36 Great Hall
55:45 Great Hall
56:38 Altar of Storms
58:05 Fortress
62:19 Watch Tower
62:22 Watch Tower
62:23 Watch Tower
62:25 Watch Tower
62:27 Watch Tower
62:28 Watch Tower
62:29 Watch Tower
62:31 Watch Tower
62:33 Watch Tower
62:37 Watch Tower
62:38 Watch Tower
62:38 Watch Tower
62:39 Watch Tower
62:39 Watch Tower
62:41 Watch Tower
62:41 Watch Tower
62:42 Watch Tower
62:43 Watch Tower
62:44 Watch Tower
62:46 Watch Tower
62:47 Watch Tower
62:47 Watch Tower
62:48 Watch Tower
62:49 Watch Tower
62:51 Watch Tower
62:53 Watch Tower
62:54 Watch Tower
62:55 Watch Tower
62:55 Watch Tower
63:04 Watch Tower
63:07 Watch Tower
63:08 Watch Tower
63:10 Watch Tower
63:11 Watch Tower
63:15 Watch Tower
63:17 Watch Tower
63:21 Watch Tower
63:23 Watch Tower
63:26 Watch Tower
63:28 Watch Tower
63:29 Watch Tower
63:30 Watch Tower
63:32 Watch Tower
63:33 Watch Tower
63:35 Watch Tower
63:36 Watch Tower
63:37 Watch Tower
63:38 Watch Tower
63:40 Watch Tower
63:44 Watch Tower
63:45 Watch Tower
63:46 Watch Tower
63:48 Watch Tower
63:49 Watch Tower
63:53 Watch Tower
63:56 Watch Tower
63:58 Watch Tower
63:59 Watch Tower
64:03 Watch Tower
64:05 Watch Tower
64:06 Watch Tower
64:08 Watch Tower
66:15 Watch Tower
66:16 Watch Tower
66:17 Watch Tower
66:18 Watch Tower
71:14 Watch Tower
71:15 Watch Tower
71:22 Watch Tower
71:24 Watch Tower
71:25 Watch Tower
71:26 Watch Tower
71:27 Watch Tower
71:29 Watch Tower
71:30 Watch Tower
71:31 Watch Tower
71:33 Watch Tower
71:34 Watch Tower
71:36 Watch Tower
71:40 Watch Tower
71:42 Watch Tower
71:49 Watch Tower
71:50 Watch Tower
71:55 Watch Tower
71:57 Watch Tower
71:59 Watch Tower
72:00 Watch Tower
72:01 Watch Tower
72:03 Watch Tower
72:05 Watch Tower
72:06 Watch Tower
72:07 Watch Tower
72:10 Watch Tower
72:12 Watch Tower
72:13 Watch Tower
» items
| Healing Salve | 8 | |
| Potion of Healing | 3 | |
| Potion of Mana | 4 | |
| Scroll of Town Portal | 4 | |
| Lesser Clarity Potion | 3 | |
| Orb of Lightning | 3 | |
25 total
Sonata (
orange | 37 APM | 2791 actions | 75:05)
8 Paladin
3 Holy Light
3 Devotion Aura
1 Resurrection
1 Divine Shield
» actions
| Assign group hotkey | 247 | |
| Build / train | 55 | |
| Enter build submenu | 22 | |
| Enter hero's abilities submenu | 8 | |
| Right click | 1406 | |
| Select / deselect | 331 | |
| Select group hotkey | 598 | |
| Use ability | 124 | |
2791 total
» units
| Peasant | 11 | |
| Rifleman | 14 | |
| Priest | 4 | |
| Siege Engine | 4 | |
33 total
» upgrades
| Armor | 2 | |
| Gunpowder | 2 | |
| Long Rifles | 1 | |
| Priest Training | 1 | |
| Barrage | 1 | |
7 total
» buildings
| Altar of Kings | 1 | |
| Farm | 12 | |
| Barracks | 1 | |
| Blacksmith | 1 | |
| Lumber Mill | 1 | |
| Arcane Vault | 1 | |
| Keep | 1 | |
| Arcane Sanctum | 2 | |
| Castle | 1 | |
| Workshop | 2 | |
23 total
» build order
00:03 Altar of Kings
00:05 Farm
00:51 Barracks
01:06 Farm
01:12 Farm
01:47 Blacksmith
01:57 Farm
02:37 Farm
03:13 Lumber Mill
03:29 Arcane Vault
04:36 Farm
04:38 Farm
05:46 Farm
06:38 Keep
08:46 Farm
09:09 Arcane Sanctum
09:23 Arcane Sanctum
11:01 Farm
13:03 Castle
14:10 Workshop
14:14 Workshop
14:21 Farm
17:33 Farm
» items
| Scroll of Regeneration | 3 | |
| Scroll of Town Portal | 1 | |
4 total
team 2 (loser)

»
macrostb (
pink | 28 APM | 2075 actions | 75:05)
6 Death Knight
3 Death Coil
2 Unholy Aura
1 Animate Dead
4 Lich
2 Frost Nova
2 Frost Armor
» actions
| Assign group hotkey | 41 | |
| Basic commands | 395 | |
| Build / train | 88 | |
| Enter build submenu | 43 | |
| Enter hero's abilities submenu | 9 | |
| Give item / drop item | 2 | |
| Right click | 300 | |
| Select / deselect | 390 | |
| Select group hotkey | 724 | |
| Use ability | 82 | |
2075 total
» units
| Acolyte | 14 | |
| Ghoul | 6 | |
| Crypt Fiend | 19 | |
| Frost Wyrm | 5 | |
| Gargoyle | 9 | |
53 total
» upgrades
| Web | 1 | |
| Creature Carapace | 3 | |
| Creature Attack | 3 | |
| Freezing Breath | 1 | |
8 total
» buildings
| Crypt | 5 | |
| Ziggurat | 17 | |
| Altar of Darkness | 2 | |
| Graveyard | 2 | |
| Tomb of Relics | 3 | |
| Nerubian Tower | 3 | |
| Halls of the Dead | 2 | |
| Necropolis | 2 | |
| Spirit Tower | 3 | |
| Black Citadel | 1 | |
| Sacrificial Pit | 1 | |
| Boneyard | 3 | |
44 total
» build order
00:18 Crypt
00:21 Ziggurat
00:58 Altar of Darkness
01:26 Graveyard
01:53 Ziggurat
02:11 Tomb of Relics
02:18 Crypt
03:01 Nerubian Tower
04:23 Halls of the Dead
05:22 Necropolis
05:26 Ziggurat
06:24 Ziggurat
06:27 Ziggurat
06:31 Ziggurat
06:35 Spirit Tower
07:07 Black Citadel
07:44 Nerubian Tower
07:49 Spirit Tower
07:54 Sacrificial Pit
09:59 Boneyard
10:04 Boneyard
10:08 Boneyard
11:30 Ziggurat
11:37 Ziggurat
23:23 Necropolis
25:23 Ziggurat
25:54 Ziggurat
25:57 Ziggurat
26:01 Ziggurat
26:07 Ziggurat
26:13 Ziggurat
26:18 Ziggurat
26:20 Ziggurat
26:22 Ziggurat
26:24 Nerubian Tower
26:43 Graveyard
28:06 Spirit Tower
28:13 Crypt
28:18 Crypt
28:26 Crypt
28:30 Altar of Darkness
37:06 Halls of the Dead
37:09 Tomb of Relics
40:22 Tomb of Relics
» items
| Rod of Necromancy | 1 | |
| Sacrificial Skull | 1 | |
| Orb of Corruption | 1 | |
| Scroll of Town Portal | 2 | |
5 total

»
Jayyy (
purple | 106 APM | 5205 actions | 49:06)
4 Demon Hunter
2 Mana Burn
2 Evasion
2 Pandaren Brewmaster
1 Breath of Fire
1 Drunken Haze
2 Keeper of the Grove
1 Entangling Roots
1 Thorns Aura
» actions
| Assign group hotkey | 31 | |
| Basic commands | 227 | |
| Build / train | 95 | |
| ESC pressed | 6 | |
| Enter build submenu | 26 | |
| Enter hero's abilities submenu | 8 | |
| Give item / drop item | 4 | |
| Right click | 1032 | |
| Select / deselect | 673 | |
| Select group hotkey | 2989 | |
| Use ability | 114 | |
5205 total
» units
| Wisp | 24 | |
| Archer | 7 | |
| Goblin Shredder | 3 | |
| Goblin Zeppelin | 3 | |
| Hippogryph | 6 | |
| Chimaera | 5 | |
48 total
» upgrades
| Improved Bows | 1 | |
| Ultravision | 1 | |
| Strength of the Wild | 3 | |
| Well Spring | 1 | |
| Reinforced Hides | 2 | |
| Nature's Blessing | 1 | |
| Corrosive Breath | 1 | |
10 total
» buildings
| Altar of Elders | 1 | |
| Moon Well | 9 | |
| Ancient of War | 1 | |
| Tree of Life | 1 | |
| Tree of Ages | 4 | |
| Hunter's Hall | 1 | |
| Ancient of Wonders | 1 | |
| Tree of Eternity | 1 | |
| Ancient of Wind | 3 | |
| Ancient Protector | 3 | |
| Chimaera Roost | 3 | |
28 total
» build order
00:10 Altar of Elders
00:21 Moon Well
00:29 Ancient of War
01:40 Moon Well
03:30 Tree of Life
03:49 Tree of Ages
03:49 Tree of Ages
03:50 Tree of Ages
03:50 Tree of Ages
04:02 Moon Well
04:05 Moon Well
05:14 Hunter's Hall
06:11 Ancient of Wonders
06:14 Tree of Eternity
08:36 Ancient of Wind
09:57 Ancient Protector
10:03 Ancient Protector
10:04 Ancient Protector
10:08 Chimaera Roost
10:12 Chimaera Roost
10:15 Chimaera Roost
10:25 Ancient of Wind
10:27 Ancient of Wind
10:31 Moon Well
10:32 Moon Well
10:33 Moon Well
10:35 Moon Well
10:36 Moon Well
» items
| Orb of Venom | 2 | |
| Scroll of Town Portal | 2 | |
| Staff of Preservation | 1 | |
| Dust of Appearance | 1 | |
6 total
Forseti. (
green | 67 APM | 5013 actions | 75:05)
8 Archmage
3 Summon Water Elemental
3 Brilliance Aura
1 Mass Teleport
1 Blizzard
» actions
| Assign group hotkey | 131 | |
| Basic commands | 449 | |
| Build / train | 173 | |
| ESC pressed | 6 | |
| Enter build submenu | 73 | |
| Enter hero's abilities submenu | 8 | |
| Give item / drop item | 7 | |
| Right click | 1725 | |
| Select / deselect | 666 | |
| Select group hotkey | 1498 | |
| Use ability | 277 | |
5013 total
» units
| Peasant | 15 | |
| Footman | 5 | |
| Goblin Shredder | 3 | |
| Goblin Zeppelin | 6 | |
| Gryphon Rider | 7 | |
| Dragonhawk Rider | 6 | |
| Goblin Sapper | 8 | |
| Mortar Team | 1 | |
51 total
» upgrades
| Masonry | 3 | |
| Swords | 3 | |
| Lumber Harvesting | 2 | |
| Armor | 3 | |
| Animal War Training | 1 | |
| Storm Hammers | 1 | |
| Cloud | 1 | |
| Backpack | 1 | |
15 total
» buildings
| Altar of Kings | 1 | |
| Barracks | 1 | |
| Farm | 13 | |
| Arcane Vault | 1 | |
| Town Hall | 4 | |
| Keep | 5 | |
| Lumber Mill | 1 | |
| Blacksmith | 1 | |
| Castle | 4 | |
| Gryphon Aviary | 5 | |
| Scout Tower | 46 | |
| Guard Tower | 57 | |
| Workshop | 4 | |
143 total
» build order
01:06 Altar of Kings
01:08 Barracks
01:09 Farm
01:12 Farm
01:39 Farm
01:52 Arcane Vault
02:27 Farm
04:14 Town Hall
05:13 Farm
05:21 Keep
05:21 Keep
05:25 Lumber Mill
06:09 Blacksmith
07:43 Castle
07:43 Castle
07:43 Castle
07:48 Gryphon Aviary
07:50 Gryphon Aviary
07:54 Gryphon Aviary
09:49 Farm
10:15 Scout Tower
10:15 Scout Tower
10:16 Scout Tower
10:17 Scout Tower
10:18 Scout Tower
10:42 Gryphon Aviary
10:43 Gryphon Aviary
10:47 Guard Tower
10:48 Guard Tower
10:48 Guard Tower
10:50 Guard Tower
10:50 Guard Tower
12:29 Scout Tower
12:32 Scout Tower
12:33 Scout Tower
12:34 Scout Tower
12:35 Scout Tower
12:36 Scout Tower
12:38 Scout Tower
12:39 Scout Tower
12:41 Scout Tower
12:42 Scout Tower
12:43 Scout Tower
12:43 Scout Tower
13:17 Guard Tower
13:17 Guard Tower
14:27 Guard Tower
16:01 Scout Tower
16:02 Scout Tower
16:03 Scout Tower
16:04 Scout Tower
16:07 Scout Tower
16:09 Scout Tower
16:38 Guard Tower
16:38 Guard Tower
16:39 Guard Tower
16:39 Guard Tower
16:39 Guard Tower
16:40 Guard Tower
16:41 Guard Tower
16:41 Guard Tower
17:08 Scout Tower
17:09 Scout Tower
17:10 Scout Tower
17:11 Scout Tower
17:16 Town Hall
17:23 Scout Tower
17:36 Farm
17:38 Farm
17:41 Guard Tower
17:46 Scout Tower
17:46 Scout Tower
17:59 Scout Tower
18:00 Scout Tower
18:01 Scout Tower
18:03 Scout Tower
18:04 Scout Tower
18:20 Guard Tower
18:21 Guard Tower
18:29 Guard Tower
18:29 Guard Tower
18:30 Guard Tower
18:31 Guard Tower
18:31 Guard Tower
18:32 Guard Tower
18:33 Guard Tower
18:45 Guard Tower
18:45 Guard Tower
18:46 Guard Tower
20:37 Scout Tower
20:37 Scout Tower
20:39 Scout Tower
20:40 Scout Tower
20:41 Scout Tower
20:42 Scout Tower
21:13 Guard Tower
21:13 Guard Tower
21:15 Guard Tower
21:16 Guard Tower
21:16 Guard Tower
21:18 Scout Tower
21:19 Scout Tower
21:20 Scout Tower
21:22 Scout Tower
21:24 Scout Tower
21:55 Guard Tower
21:55 Guard Tower
21:56 Guard Tower
21:57 Guard Tower
21:58 Guard Tower
21:58 Guard Tower
27:37 Farm
27:38 Farm
27:38 Farm
27:39 Farm
27:40 Farm
27:40 Keep
27:41 Keep
27:43 Workshop
27:43 Workshop
27:44 Workshop
27:46 Workshop
32:39 Town Hall
38:22 Town Hall
» items
| Scroll of Regeneration | 7 | |
| Mechanical Critter | 2 | |
| Scroll of Town Portal | 3 | |
12 total

»
hardrightwing (
blue | 27 APM | 1486 actions | 55:29)
5 Warden
3 Fan of Knives
2 Blink
» actions
| Assign group hotkey | 5 | |
| Basic commands | 35 | |
| Build / train | 61 | |
| Enter build submenu | 22 | |
| Enter hero's abilities submenu | 5 | |
| Remove unit from queue | 3 | |
| Right click | 649 | |
| Select / deselect | 441 | |
| Select group hotkey | 174 | |
| Use ability | 91 | |
1486 total
» units
» upgrades
| Strength of the Wild | 3 | |
| Ultravision | 1 | |
| Backpack | 0 | |
| Reinforced Hides | 3 | |
| Corrosive Breath | 1 | |
8 total
» buildings
| Altar of Elders | 1 | |
| Moon Well | 8 | |
| Tree of Ages | 3 | |
| Hunter's Hall | 1 | |
| Ancient of Wonders | 1 | |
| Tree of Eternity | 1 | |
| Ancient of Wind | 1 | |
| Tree of Life | 4 | |
| Chimaera Roost | 3 | |
23 total
» build order
00:08 Altar of Elders
00:10 Moon Well
01:47 Tree of Ages
01:47 Tree of Ages
01:59 Moon Well
02:40 Hunter's Hall
02:55 Moon Well
03:18 Ancient of Wonders
03:48 Moon Well
04:45 Moon Well
05:02 Tree of Eternity
05:16 Ancient of Wind
05:41 Moon Well
06:51 Tree of Life
07:10 Tree of Life
07:28 Tree of Life
07:40 Chimaera Roost
08:35 Chimaera Roost
08:38 Chimaera Roost
11:02 Moon Well
11:06 Moon Well
14:07 Tree of Life
Chat log
(00:12 / All) Forseti.: The winds will hail on you, so listen carefully
(00:15 / All) YellarBellyJake: I got a new pet, guys.
(00:17 / All) Forseti.: We'll never stop until we have our victory
(00:26 / All) YellarBellyJake: It's an owl and his name is Hedwig
(00:29 / All) Forseti.: Don't try to fight us, you'll be the victim, you, our fight is going on and it's the last thing we'll do
(00:35 / All) YellarBellyJake: I start at Hogwarts tomorrow!
(00:45 / All) Forseti.: We are Europe's pride, and we're marching in her line. Our gods are guiding us through all the times
(01:09 / All) macrostb: are you guys going to do that tie bullshit?
(01:17 / All) Forseti.: Tie bullshit?
(03:26 / Allies) Forseti.: That was my expo you fucking faggot purple
(06:26 / All) hardrightwing: i just farted
(06:30 / All) Forseti.: Shut the fuck up
(06:37 / All) hardrightwing: no joke
(08:22 / All) Forseti.: steals my expo then harasses and techs
(08:24 / All) Forseti.: piece of shit
(09:25 / All) YellarBellyJake: You fucked with teh wrong guy
(09:46 / All) naggers_r_us: LMAO
(11:21 / Allies) hardrightwing: who has da aa
(11:28 / Allies) hardrightwing: yellow ther
(11:40 / Allies) Forseti.: red is a wyrmbot
(11:48 / Allies) hardrightwing: mass hawks plox
(12:13 / All) YellarBellyJake: Great lawl
(12:26 / All) YellarBellyJake: I thought purple was tping not faggot fucking pink who the fuck tps to an allies base
(12:38 / Allies) hardrightwing: t[?
(12:38 / All) macrostb: je bad
(12:39 / Allies) hardrightwing: tp?
(14:58 / All) Forseti.: Why even help his useless ass?
(15:50 / All) naggers_r_us: LOL
(16:14 / Allies) Forseti.: That was my expo
(16:17 / Allies) Jayyy: he tked me
(16:17 / Allies) Forseti.: You stole it you fucking prick
(16:24 / Allies) Forseti.: Yeah and you tked me by taking what is rightfully mine
(16:28 / Allies) Jayyy: ok then change expo
(16:31 / Allies) Forseti.: Fuck off
(16:36 / Allies) Forseti.: That one is for damages
(16:53 / Allies) hardrightwing: wat r u ladies crying about
(17:01 / Allies) Forseti.: Don't shit talk me or I kill you too, bitch
(17:25 / Allies) hardrightwing: i got da chim
(17:34 / Allies) Forseti.: yeah and I have hawks motherfucker
(17:43 / Allies) hardrightwing: cant net teammates nub
(17:53 / Allies) Forseti.: no, but I can outright kill them when they are as bad as you are
(18:08 / Allies) hardrightwing: there not bad
(18:13 / Allies) hardrightwing: they fully teched
(18:25 / Allies) Forseti.: no, but YOU are fucking bad
(18:36 / Allies) hardrightwing: my real acct is 55-25
(18:39 / Allies) Forseti.: Apologise for being an insolent prick or you die
(18:43 / Allies) Forseti.: Oh yeah and how much did you pay for it?
(18:49 / Allies) hardrightwing: 0$
(18:51 / Allies) hardrightwing: all me
(18:57 / Allies) Forseti.: what's its name
(19:00 / Allies) hardrightwing: op.
(19:11 / Allies) Forseti.: It's 48-29 and is barely above 50%, trash like you
(19:23 / Allies) hardrightwing: my bro tanked some games
(19:29 / Allies) hardrightwing: for funsies
(20:07 / All) Forseti.: Blue and purple dead
(20:08 / All) Forseti.: Ahhhhhh
(20:13 / All) Forseti.: The two pricks are now eliminated
(21:06 / Allies) hardrightwing: hall
(22:05 / Allies) hardrightwing: base
(22:06 / Allies) hardrightwing: racve
(22:08 / Allies) hardrightwing: finish
(22:12 / All) Forseti.: This game is finishing itself up
(23:26 / All) hardrightwing: kill green top right corner hes the only one with mines
(23:34 / Allies) hardrightwing: bvats
(23:35 / Allies) hardrightwing: b
(23:36 / Allies) hardrightwing: web
(23:37 / Allies) hardrightwing: web
(23:46 / All) naggers_r_us: hack green
(23:53 / All) hardrightwing: hes map hax
(24:20 / All) naggers_r_us: yellow is a hippie
(24:45 / Allies) macrostb: oh now i get it
(24:48 / Allies) macrostb: green is being a douche
(24:55 / Allies) macrostb: for no reason
(24:56 / Allies) Forseti.: Purple and blue were the douches
(24:59 / Allies) Forseti.: Purple stole my expo
(25:01 / Allies) macrostb: because i have not said one word
(25:03 / Allies) Forseti.: and blue shit talked and was a chimbot fuckwit
(25:15 / Allies) macrostb: and what are you?
(25:27 / Allies) macrostb: i didnt talk shit
(25:31 / Allies) macrostb: i didnt steal your expo
(25:42 / Allies) macrostb: i didnt do shit but win this game till you fucked it
(25:57 / All) naggers_r_us: didnt kill anything?
(26:06 / All) Forseti.: I was clearing food
(26:36 / Allies) hardrightwing: mass tower pink
(27:04 / Allies) hardrightwing: he comin
(27:06 / Allies) macrostb: green you are such a fuckwad
(27:10 / Allies) Jayyy: dont need tower
(27:11 / Allies) macrostb: you didnt even call that fucking expo
(27:12 / Allies) Jayyy: he has cloud
(27:38 / Allies) macrostb: and he clearly did by building his ancient there you fuckwit
(27:40 / Allies) Jayyy: blue
(27:44 / Allies) Jayyy: just hit yellow
(27:56 / Allies) hardrightwing: he has bats?
(28:06 / Allies) Jayyy: split chims
(28:19 / Allies) macrostb: i
(28:23 / Allies) macrostb: will get fiends soon
(28:24 / Allies) Jayyy: green is gonna die
(28:43 / Allies) Jayyy: i think
(28:45 / Allies) hardrightwing: need ur towers pink
(28:47 / All) macrostb: green is a child
(28:48 / Allies) Jayyy: green hurts brain
(28:56 / All) accent: green is yellows friend
(28:58 / All) accent: thats why
(29:21 / All) macrostb: they are trying to do the tie bullshit, i knew it
(29:27 / All) macrostb: you are some demented fucks
(29:50 / Allies) hardrightwing: mass fiend
(29:59 / Allies) macrostb: working on it
(30:05 / Allies) hardrightwing: k
(30:23 / All) hardrightwing: yo green share gold
(31:12 / Allies) hardrightwing: well roll when u get hero
(31:15 / Allies) hardrightwing: i need ur web
(31:17 / Allies) macrostb: both
(32:53 / Allies) macrostb: bout ready
(32:59 / Allies) hardrightwing: k
(33:05 / Allies) hardrightwing: just tsay in front
(33:26 / All) naggers_r_us: man i hate niggers
(33:41 / All) hardrightwing: kill am pink
(33:51 / Allies) hardrightwing: back
(33:52 / Allies) hardrightwing: to tower
(33:54 / All) Forseti.: no aa against me lol
(34:19 / Allies) hardrightwing: its fine he will be done in a sec
(34:20 / Allies) macrostb: again focus am fast next time
(34:22 / Allies) hardrightwing: let his base go
(34:50 / Allies) hardrightwing: hes getting rolled
(35:00 / Allies) Jayyy: gj pink and blue
(35:09 / Allies) hardrightwing: im back to tower
(35:12 / Allies) hardrightwing: get rdy
(35:17 / Allies) Jayyy: jesus
(35:18 / Allies) Jayyy: back
(35:31 / Allies) hardrightwing: get b
(35:34 / Allies) hardrightwing: pink
(35:37 / Allies) hardrightwing: his AM is dead
(35:39 / Allies) Jayyy: you have to go gargoyle
(35:39 / Allies) hardrightwing: he done
(35:41 / All) naggers_r_us: lol green
(35:49 / All) naggers_r_us: killing pink all game?
(35:50 / All) hardrightwing: u can leave now green u bad
(35:56 / Allies) hardrightwing: k let sgo
(36:04 / Allies) Jayyy: get more expo pink
(36:08 / Allies) Jayyy: just in case
(36:29 / Allies) hardrightwing: hes comn
(36:34 / Allies) Jayyy: wow
(36:36 / Allies) hardrightwing: tower
(36:37 / Allies) hardrightwing: tower
(36:53 / Allies) hardrightwing: \get a shop if u can
(37:00 / Allies) macrostb: fucking a this is annoying
(37:30 / Allies) hardrightwing: we fine
(37:34 / Allies) hardrightwing: yellow had the only mine
(37:36 / Allies) hardrightwing: and hes massing bats
(37:44 / Allies) hardrightwing: red has mass wyrm
(37:47 / Allies) hardrightwing: oj has shit
(37:57 / Allies) hardrightwing: use tower
(38:31 / Allies) hardrightwing: tower
(38:46 / Allies) hardrightwing: make new mine
(39:14 / Allies) macrostb: what honestly causes a human to be so gay?
(39:19 / Allies) hardrightwing: get gargs pink?
(39:35 / Allies) macrostb: need gold
(39:54 / Allies) Jayyy: green is really trash :O
(39:54 / Allies) macrostb: good idea
(39:56 / Allies) hardrightwing: i got it
(40:22 / All) hardrightwing: u better run
(41:06 / Allies) Jayyy: save ghouls
(41:08 / Allies) Jayyy: or chims
(41:22 / All) YellarBellyJake: ooops LOL
(41:22 / All) Jayyy: LOL
(41:22 / Allies) hardrightwing: bm dead
(41:41 / All) YellarBellyJake: wind walk wore out I forgot to move him
(41:51 / All) hardrightwing: Red get green workers bottom right of the map
(42:08 / All) hardrightwing: hes all the way in the corner
(42:11 / All) hardrightwing: with a zep
(42:14 / All) hardrightwing: ty
(42:15 / All) hardrightwing: ty
(42:20 / All) naggers_r_us: lol
(42:40 / All) naggers_r_us: how much gold does that fag have
(42:44 / All) hardrightwing: 288
(42:58 / All) hardrightwing: hes over by yellows expo
(43:36 / Allies) hardrightwing: keep fiends by my chims
(43:37 / Allies) hardrightwing: there gonna hit
(43:44 / Allies) hardrightwing: b
(43:45 / Allies) hardrightwing: b
(43:45 / Allies) hardrightwing: b
(43:45 / Allies) hardrightwing: b
(43:46 / Allies) hardrightwing: bb
(43:59 / All) YellarBellyJake: does blue have mh?
(44:07 / All) hardrightwing: green does
(44:12 / All) Jayyy: green doese
(44:16 / All) YellarBellyJake: why are you moving your chims
(44:22 / All) hardrightwing: red was gonna hit me
(44:28 / All) Jayyy: green tells us
(44:45 / All) Forseti.: No I don't mhing trash
(44:46 / Allies) hardrightwing: one green is dead lets move pink
(45:07 / All) Forseti.: RETARD MAGNET
(45:08 / Allies) hardrightwing: 4 more gyrps
(45:13 / All) Forseti.: Oh
(45:17 / All) Forseti.: Red is on your team lawl
(45:18 / All) Forseti.: I forgot
(45:19 / Allies) Jayyy: if green was pro, we would lose
(45:28 / All) naggers_r_us: come at me
(45:43 / Allies) hardrightwing: get fiends now pink
(46:12 / Allies) hardrightwing: u rdy pink ?
(46:22 / Allies) Jayyy: blue you could kill lich when you fight
(46:39 / All) naggers_r_us: where u at green
(46:41 / Allies) hardrightwing: fiends
(46:42 / Allies) hardrightwing: over me
(46:44 / Allies) hardrightwing: pink
(46:45 / All) naggers_r_us: i wanna fuck you
(48:10 / Allies) Jayyy: bats on top
(48:11 / All) naggers_r_us: 30000
(48:12 / Allies) Jayyy: careful
(48:13 / All) naggers_r_us: gogooggo
(48:19 / All) Forseti.: Purp pinged your bats
(48:19 / All) Forseti.: mh
(48:28 / Allies) Jayyy: ...
(48:29 / All) Forseti.: sending gargs chasing my units, bad idea
(49:03 / Allies) hardrightwing: b
(49:17 / All) Forseti.: and in the end it went exactly as we intended
(49:35 / All) Forseti.: IN BOUND, WITH HAGALAZ WE'RE UNCONQUERABLE! THE SIDES ARE TENSE, ODIN'S BLESSING, AN IRON WILL!
(49:46 / All) macrostb: dude stfu
(49:48 / All) macrostb: nobody cares
(49:51 / Allies) hardrightwing: use mine pink
(49:52 / All) Forseti.: You do
(49:55 / All) Forseti.: otherwise you would have left
(49:57 / Allies) hardrightwing: nvm
(49:59 / Allies) hardrightwing: 1k
(50:00 / All) Forseti.: but you lost this one bud
(50:08 / All) macrostb: about your fucking nonsense?
(50:28 / All) Forseti.: It isn't fucking nonsense if you ever took the time to open a book
(51:07 / All) hardrightwing: greens scrubiness was too much too overcome
(51:12 / All) Forseti.: lol
(51:14 / All) hardrightwing: terrible player
(51:17 / All) naggers_r_us: u guys got fucked
(51:20 / All) Forseti.: I still did enough to beat you, purple, pink
(51:21 / All) Forseti.: red
(51:26 / All) Forseti.: and blue
(51:27 / All) hardrightwing: i tell him to get hawks he mass gyrps
(51:33 / All) hardrightwing: no listen
(51:39 / All) Forseti.: I needed stopping power to kill allied units faster
(51:40 / All) macrostb: terrible
(51:44 / All) Forseti.: I thought I'd face more resistance
(51:56 / All) Forseti.: and I couldn't go hawks when they had 3 tanks
(51:57 / Allies) macrostb: red and orange you dumb fucks
(52:06 / Allies) macrostb: you should have been killing yellow this whole time
(52:07 / All) hardrightwing: green and yellow r butt buddies obviously
(52:07 / Allies) Forseti.: You're the undead who got his base wrecked
(52:08 / All) YellarBellyJake: fun* lawl
(52:15 / All) YellarBellyJake: I should sleep
(52:16 / All) hardrightwing: if i had to guess husband and husband
(52:45 / All) YellarBellyJake: hehe
(52:48 / All) hardrightwing: i guess killing allies stimulates their prostates
(53:03 / All) YellarBellyJake: This was close I'm like a zombie right now
(53:17 / All) macrostb: no fucking eachother in the ass stimulates their prostates
(53:23 / All) macrostb: not sure what this is for
(53:33 / All) hardrightwing: this is what gets them hard bro
(53:40 / All) macrostb: there you go
(54:04 / All) hardrightwing: yellow u better come and kill oj before its too late
(54:15 / All) Forseti.: I wonder if it would have been closer if you noticed me telling you to stop sending your peon to scout where my expo was
(54:15 / All) YellarBellyJake: green has buildings
(54:15 / All) macrostb: man i want to see
(54:19 / All) Forseti.: because then I would have had an income
(54:35 / All) Forseti.: I should have maybe split my army when I went after the chims too
(54:47 / All) Forseti.: since it could scare him off and he wouldn't have been able to fight back and I'd have more to delay at my base and save time
(54:48 / All) macrostb: i called this gay shit from the beginning
(54:52 / All) hardrightwing: green u could have 3 mines and not done shit ur microing was terrible
(54:56 / All) Forseti.: The 3 tanks were what fucked my army
(55:11 / All) YellarBellyJake: I was hurting on gold
(55:13 / All) Forseti.: I couldn't get dragon hawks against red because they'd instantly die to the tanks underneath the army
(55:18 / All) YellarBellyJake: Teal fucked my calibrations
(55:27 / All) Forseti.: and I couldn't get mortar against his ground because of the wyrms
(55:28 / All) YellarBellyJake: My vibrations got nasty
(55:47 / All) Forseti.: I don't know what composition I could have gone, all that could have made fighting their combined army easier for me would be
(55:51 / All) macrostb: red and orange, how is it going over there?
(55:52 / All) Forseti.: if I had more towers or sniped the tanks better
(56:04 / All) YellarBellyJake: mortars and dhawks
(56:39 / All) Forseti.: Maybe with more towers, the mortars would instantly die to wyrms but he might hesitate to use them if I had towers that stopped
(56:42 / All) Forseti.: him from getting close
(56:47 / All) Forseti.: I needed a lot more towers at my main this game
(56:52 / All) YellarBellyJake: 8 dhawks would ahve shut red down
(57:03 / All) YellarBellyJake: and the tanks would have to back out of the fire of the mortars
(57:26 / All) Forseti.: I don't think that would have worked by itself because of the riflemen
(57:29 / All) Forseti.: but with more towers it would have
(57:38 / All) YellarBellyJake: mortars would rape rifs too
(57:48 / All) Forseti.: My team is all 0 food and I only have my few units
(57:49 / All) YellarBellyJake: LE STANDOFF!!!1
(58:41 / All) YellarBellyJake: Was naggers put in a standoff the other day?
(58:50 / All) Forseti.: His name looks familiar, we have stabbed him before for sure
(58:57 / All) YellarBellyJake: No that was with Jokob Campbell
(59:01 / All) YellarBellyJake: his team all left
(59:06 / All) YellarBellyJake: naggers is the guy that said "Fucking really?
(59:39 / All) Forseti.: The HP on these gryphons takes forever to regen, holy shit
(60:35 / All) Forseti.: You'll need towers, I have none
(60:35 / All) YellarBellyJake: I should have kept my bats back in the last battle
(60:41 / All) YellarBellyJake: until the fiends were completely engaged
(60:46 / All) Forseti.: They sent all their gargs after my army which was a big mistake
(60:56 / All) Forseti.: My army was irrelevant to that battle and it was the determining battle
(63:41 / All) Forseti.: Give all your resources to a leaver so they can't buy from a goblin lab with that burrow near it
(64:06 / All) Forseti.: or else hire sappers to kill it
(64:32 / All) Forseti.: They could hire a goblin shredder or sapper
(64:35 / All) Forseti.: hire a sapper there to kill it
(65:04 / All) Forseti.: Or not could have cut a few seconds down
(65:52 / All) Forseti.: I thought you meant to just kill the production facilities
(66:04 / All) YellarBellyJake: I did but might as well
(66:47 / All) Forseti.: My side is done
(67:27 / All) YellarBellyJake: Anyone seen the animated Aeon Flux?
(67:44 / All) YellarBellyJake: I watched the first episode/pilot years ago and didn't care for it since it didn't have a discernable plot
(67:50 / All) YellarBellyJake: it seemed
(68:01 / All) YellarBellyJake: but now I realize that it was just a pilot
(68:13 / All) YellarBellyJake: and there probably is something with more substance so I'll download it again
(69:23 / All) naggers_r_us: u fucking niggers need to go hang yourselfs and drink bleach
(69:30 / All) Forseti.: lol
(69:36 / All) YellarBellyJake: Something troubling you, naggers?|
(70:16 / All) Forseti.: I don't have enough gold to do anything
(70:16 / All) YellarBellyJake: that was weird
(70:21 / All) YellarBellyJake: unresponsive hero in a group
(70:24 / All) YellarBellyJake: never had that happen before
(70:30 / All) YellarBellyJake: what's pinks gold count
(70:34 / All) Forseti.: oh I suppose pink could have sent my gold and used the farm near the merc camp
(70:36 / All) Forseti.: He has 700
(70:42 / All) Forseti.: Kill the farm at the top mid merc camp
(70:46 / All) YellarBellyJake: are you at 0/0
(70:49 / All) Forseti.: actually it's no big deal
(70:51 / All) Forseti.: 0/6
(70:59 / All) Forseti.: The shit he could get couldn't kill enough to get those towers anyway
(71:02 / All) YellarBellyJake: it would give pink something to actually
(72:49 / All) Forseti.: Well that's an unfinished fag
(72:51 / All) YellarBellyJake: That was going to spell "FAG" teal
(72:55 / All) YellarBellyJake: I want you to know what you are
(73:08 / All) Forseti.: They were all fags this game
(73:10 / All) Forseti.: Thought they had it too
(73:12 / All) YellarBellyJake: But I don't have the patience to go ahead and get the requisite lumber
(74:03 / All) Forseti.: We haven't had a close game like this in some time
(74:09 / All) YellarBellyJake: yeah
(74:19 / All) YellarBellyJake: I think mostly I was out of it earlier
(74:24 / All) YellarBellyJake: Tired
(74:28 / All) YellarBellyJake: Hence all the typos and shit
(74:41 / All) Forseti.: I underestimated the amount of towers I'd need
(74:45 / All) Forseti.: I didn't notice myself run out of gold either
(74:51 / All) Forseti.: I thought I had more or was spending less
(74:53 / All) Forseti.: I was a bit out of it
(74:59 / All) YellarBellyJake: Good luck gents, may you break records in your epic standoff
(75:05 / All) Forseti.: LET IT BEGIN, LET IT BEGIN!